[Event "Late-Titled-Tuesday-Blitz-March-05-2024"]
[Site "Chess.com"]
[Date "2024.03.05"]
[Round "2"]
[White "Vse_po_kaify"]
[Black "ACollins05"]
[Result "1-0"]
[WhiteElo "2397"]
[BlackElo "2585"]
[TimeControl "180+1"]
[EndTime "14:12:24 PST"]
[Termination "Vse_po_kaify won by resignation"]

1. Nf3 d5 2. e3 Nf6 3. c4 e6 4. b3 dxc4 5. Bxc4 Be7 6. Bb2 O-O 7.
Qc2 a6 8. Ng5 Nbd7 9. Nc3 b5 10. Bd3 h6 11. h4 Bb7 12. Nce4 Nxe4 13. Bxe4 Qc8 14. Bxb7 1-0

[Event "Late-Titled-Tuesday-Blitz-March-05-2024"]
[Site "Chess.com"]
[Date "2024.03.05"]
[Round "2"]
[White "BogdanDeac"]
[Black "viniciusrego"]
[Result "1-0"]
[WhiteElo "2965"]
[BlackElo "2417"]
[TimeControl "180+1"]
[EndTime "14:13:45 PST"]
[Termination "BogdanDeac won by resignation"]

1. d4 g6 2. e4 Bg7 3. Nf3 c5 4. dxc5 Qa5+ 5. c3 Qxc5 6. Be3 Qc7 7. Na3 a6 8. Nc4 b5 9. Nb6 Bb7 10. Nxa8 Bxa8 11. Bd3 Nf6 12. a4 b4 13. cxb4 Nxe4 14.
Qb3 O-O 15. O-O d6 16. Rac1 Qb7 17. b5 axb5 18. Qxb5 Nd7 19. Bxe4 Qxb5 20. axb5 Bxe4 21. Rc7 Bf5 22. b6 Rb8 23. b7 Bxb2 24. Ba7 1-0

[Event "Late-Titled-Tuesday-Blitz-March-05-2024"]
[Site "Chess.com"]
[Date "2024.03.05"]
[Round "2"]
[White "corvachesky"]
[Black "HanSchut"]
[Result "1/2-1/2"]
[WhiteElo "2516"]
[BlackElo "2320"]
[TimeControl "180+1"]
[EndTime "14:13:50 PST"]
[Termination "Game drawn by repetition"]

1. d4 Nf6 2. Nf3 g6 3. c4 Bg7 4. Nc3 d5 5. cxd5 Nxd5 6. e4 Nxc3 7. bxc3 c5 8. Be3 Qa5 9. Qd2 Nc6 10. Be2 O-O 11.
Rc1 cxd4 12. cxd4 Qxd2+ 13. Kxd2 Rd8 14. d5 e6 15. Bc4 exd5 16. exd5 Be6 17. Rhd1 Bxd5 18.
Bxd5 Rxd5+ 19. Ke2 Rad8 20. Rxd5 Rxd5 21. Rb1 Rd7 22. h3 h6 23. Rc1 Kh7 24. Ke1 a6 25. Ke2 Ne5 26. Nxe5 Bxe5 27. Rc8 Rc7 28. Re8 Bf6 29. Kd2 Rd7+ 30. Ke2 Rc7 31. Kd2 Rd7+ 32. Ke2 Rc7 1/2-1/2

[Event "Late-Titled-Tuesday-Blitz-March-05-2024"]
[Site "Chess.com"]
[Date "2024.03.05"]
[Round "2"]
[White "e4evr"]
[Black "Hamisandwich"]
[Result "0-1"]
[WhiteElo "2259"]
[BlackElo "2663"]
[TimeControl "180+1"]
[EndTime "14:13:58 PST"]
[Termination "Hamisandwich won by resignation"]

1. e4 c5 2. Nf3 d6 3. d4 cxd4 4.
Nxd4 Nf6 5. Nc3 Nc6 6. a4 e5 7. Ndb5 a6 8. Na3 Be6 9. Bg5 Be7 10.
Bxf6 Bxf6 11. Nc4 Nd4 12. a5 Rc8 13. Nb6 Rc5 14. Bd3 O-O 15. Ncd5 Bxd5 16. Nxd5 Rxa5 17.
Nxf6+ gxf6 18. O-O Rxa1 19. Qg4+ Kh8 20. Rxa1 Rg8 21.
Qh4 Nf3+ 0-1

[Event "Late-Titled-Tuesday-Blitz-March-05-2024"]
[Site "Chess.com"]
[Date "2024.03.05"]
[Round "2"]
[White "averageFM"]
[Black "baag"]
[Result "0-1"]
[WhiteElo "2581"]
[BlackElo "2846"]
[TimeControl "180+1"]
[EndTime "14:14:01 PST"]
[Termination "baag won by resignation"]

1. e4 c6 2. d4 d5 3. Nc3 dxe4 4. Nxe4 Nf6 5. Nxf6+ exf6 6. c3 Bd6 7. Bd3 O-O 8. Ne2 Re8 9. O-O Nd7 10. Ng3 g6 11. f4 f5 12. Bd2 Nf6 13. Re1 Be6 14. Qc2 Qc7 15. Re5 c5 16. Be3 Ng4 17. Nxf5 Bxf5 18. Bxf5 Nxe3 19. Qe4 Bxe5 0-1

[Event "Late-Titled-Tuesday-Blitz-March-05-2024"]
[Site "Chess.com"]
[Date "2024.03.05"]
[Round "2"]
[White "AlexPapasimakopoulos"]
[Black "OrtizAnahi2001"]
[Result "1-0"]
[WhiteElo "2751"]
[BlackElo "2539"]
[TimeControl "180+1"]
[EndTime "14:14:06 PST"]
[Termination "AlexPapasimakopoulos won by resignation"]

1. d4 Nf6 2. c4 e6 3. Nc3 d5 4. cxd5 exd5 5. Bg5 c6 6. e3 Be7 7. Bd3 O-O 8. Qc2 Nbd7 9. Nf3 Re8 10. O-O Nf8 11.
Rab1 g6 12. b4 Ne6 13. Bh4 Ng7 14. b5 Bf5 15. bxc6 bxc6 16. Ne5 Rc8 17. Rb7 c5 18. Bxf6 Bxf6 19. Nxf7 Qa5 20. Nxd5 Bd8 21. Nd6 1-0

[Event "Late-Titled-Tuesday-Blitz-March-05-2024"]
[Site "Chess.com"]
[Date "2024.03.05"]
[Round "2"]
[White "Yurovskykh_Oleksandr"]
[Black "FairChess_on_YouTube"]
[Result "0-1"]
[WhiteElo "2649"]
[BlackElo "3099"]
[TimeControl "180+1"]
[EndTime "14:14:12 PST"]
[Termination "FairChess_on_YouTube won by resignation"]

1. d4 Nf6 2. Nf3 c5 3. dxc5 e6 4. c4 Bxc5 5. Nc3 d5 6. e3 O-O 7. cxd5 exd5 8. Be2 Nc6 9. O-O Re8 10. b3 d4 11.
exd4 Nxd4 12. Nxd4 Qxd4 13. Bb2 Qh4 14. Bf3 Bg4 15. Nd5 Ne4 16. Bd4 Bxf3 17. gxf3 Qg5+ 18. Kh1 Qxd5 19. fxe4 Qxe4+ 0-1

[Event "Late-Titled-Tuesday-Blitz-March-05-2024"]
[Site "Chess.com"]
[Date "2024.03.05"]
[Round "2"]
[White "MFatigue"]
[Black "Englishman_18"]
[Result "1-0"]
[WhiteElo "2515"]
[BlackElo "2289"]
[TimeControl "180+1"]
[EndTime "14:14:14 PST"]
[Termination "MFatigue won by resignation"]

1. e4 c5 2. a3 g6 3. h4 Nc6 4. h5 d5 5. exd5 Qxd5 6. Nc3 Qd8 7. Bb5 Bd7 8. Nf3 Nf6 9. hxg6 fxg6 10. d4 cxd4 11.
Nxd4 Nxd4 12. Qxd4 Bxb5 13. Nxb5 Qxd4 14. Nxd4 Kf7 15.
Nf3 e6 16. Bg5 Bd6 17. O-O-O Ne4 18. Rhe1 h6 19. Rxe4 hxg5 20. Rxd6 g4 21. Rxg4 Rad8 22. Rgd4 Rxd6 23. Rxd6 Ke7 24. Rd1 Kf6 25. Kd2 g5 26. Ke2 g4 27. Nd2 Rh2 28. g3 Kf5 29. Ke3 Rh8 30.
Ne4 e5 31. Rd6 Rf8 32. c4 1-0

[Event "Late-Titled-Tuesday-Blitz-March-05-2024"]
[Site "Chess.com"]
[Date "2024.03.05"]
[Round "2"]
[White "Jimonios"]
[Black "Jahonas"]
[Result "0-1"]
[WhiteElo "2611"]
[BlackElo "2399"]
[TimeControl "180+1"]
[EndTime "14:14:15 PST"]
[Termination "Jahonas won by resignation"]

1. Na3 d5 2. c3 Nf6 3. d3 c5 4. Nc2 Nc6 5. Qd2 e5 6. Kd1 Bg4 7. Qe1 e4 8. f3 exd3 9. exd3+ Be6 10. Nh3 Bd6 11. Nf4 Bxf4 12. Bxf4 O-O 13. Qh4 d4 14. c4 Qb6 15. Kc1 Rfe8 16. g4 Nb4 17. g5 Nd7 18. Bd2 a5 19. Qf4 Nf8 20. h4 Ng6 21. Qg3 Bf5 22.
f4 Qc6 23. Bg2 Nxd3+ 24. Kb1 Qb6 25. Bc1 Ngxf4 0-1

[Event "Late-Titled-Tuesday-Blitz-March-05-2024"]
[Site "Chess.com"]
[Date "2024.03.05"]
[Round "2"]
[White "KetiTsatsalashvili"]
[Black "JiiHart"]
[Result "1-0"]
[WhiteElo "2468"]
[BlackElo "2172"]
[TimeControl "180+1"]
[EndTime "14:14:15 PST"]
[Termination "KetiTsatsalashvili won by resignation"]

1. d4 d5 2. Nf3 Nf6 3. e3 c5 4. b3 cxd4 5. exd4 Bg4 6. Be2 Nc6 7.
O-O e6 8. Bb2 Bd6 9. Nbd2 O-O 10. h3 Bh5 11. Ne5 Bxe2 12. Qxe2 Qb6 13. Ndf3 Ne4 14. Nd7 Qc7 15. Nxf8 Rxf8 16. Nd2 Nf6 17. Rac1 g6 18. c4 Nh5 19. cxd5 Nf4 20. Qf3 exd5 21. Rfe1 Nb4 22. Rxc7 1-0

[Event "Late-Titled-Tuesday-Blitz-March-05-2024"]
[Site "Chess.com"]
[Date "2024.03.05"]
[Round "2"]
[White "CarlosjPineror"]
[Black "Actuary44"]
[Result "1-0"]
[WhiteElo "2735"]
[BlackElo "2534"]
[TimeControl "180+1"]
[EndTime "14:14:27 PST"]
[Termination "CarlosjPineror won by resignation"]

1. e4 b6 2. d4 Bb7 3. Bd3 e6 4. Qe2 Nf6 5. c3 d5 6. e5 Nfd7 7. f4 c5 8. a3 Nc6 9. Nf3 Qc7 10. O-O O-O-O 11. b4 c4 12. Bc2 h6 13. f5 exf5 14.
Bxf5 Kb8 15. Bf4 Ne7 16. Bh3 Ng6 17. Bg3 Re8 18. Qc2 Ka8 19. e6 Nf4 20. Bxf4 Qxf4 21.
exd7 Rd8 22. Ne5 Qe3+ 23. Qf2 1-0

[Event "Late-Titled-Tuesday-Blitz-March-05-2024"]
[Site "Chess.com"]
[Date "2024.03.05"]
[Round "2"]
[White "MusicCityMaster"]
[Black "Kgutierrez95"]
[Result "1-0"]
[WhiteElo "2491"]
[BlackElo "2212"]
[TimeControl "180+1"]
[EndTime "14:14:28 PST"]
[Termination "MusicCityMaster won by resignation"]

1. d4 Nf6 2. c4 e6 3. Nf3 d5 4. Qc2 c6 5. e3 Nbd7 6. Nc3 Be7 7. g4 h6 8. Rg1 b6 9. Bd2 Ba6 10. cxd5 Bxf1 11. dxe6 Bh3 12. exd7+ Qxd7 13. Ne5 Qd6 14. Rg3 c5 15. Qa4+ Kf8 16. Rxh3 cxd4 17. Qxd4 1-0

[Event "Late-Titled-Tuesday-Blitz-March-05-2024"]
[Site "Chess.com"]
[Date "2024.03.05"]
[Round "2"]
[White "pooh2012"]
[Black "Veleamater"]
[Result "1-0"]
[WhiteElo "2528"]
[BlackElo "2321"]
[TimeControl "180+1"]
[EndTime "14:14:30 PST"]
[Termination "pooh2012 won by resignation"]

1. d4 d6 2. Nf3 g6 3. c3 Bg7 4. h4 Nf6 5. Nbd2 Nc6 6. b4 a6 7. Qb3 O-O 8. e3 e5 9. Be2 exd4 10. cxd4 Be6 11. Qb2 b5 12. a4 Nd5 13. axb5 axb5 14. Bxb5 Rxa1 15. Qxa1 Ncxb4 16. O-O c5 17. Bb2 Qb6 18.
Bc4 Rb8 19. dxc5 dxc5 20. Bxg7 Nc2 21. Qe5 Ndxe3 22. fxe3 Nxe3 23. Qxe3 Kxg7 24. Qe5+ Kg8 25. Bxe6 fxe6 26. Rb1 1-0

[Event "Late-Titled-Tuesday-Blitz-March-05-2024"]
[Site "Chess.com"]
[Date "2024.03.05"]
[Round "2"]
[White "Ykow"]
[Black "GAO"]
[Result "1-0"]
[WhiteElo "2508"]
[BlackElo "2278"]
[TimeControl "180+1"]
[EndTime "14:14:30 PST"]
[Termination "Ykow won by checkmate"]

1. e4 c5 2. Nf3 d6 3. Nc3 a6 4. g3 g6 5. Bg2 Bg7 6. O-O Nf6 7. d4 cxd4 8. Nxd4 O-O 9. h3 Nc6 10.
Be3 Bd7 11. f4 Rc8 12. Qe2 Re8 13. Rad1 Qc7 14. g4 Na5 15. g5 Nh5 16. Nd5 Qb8 17. Qf2 Nc4 18. Bc1 Bc6 19. b3 Bxd5 20. exd5 Nb6 21.
c4 Nd7 22. Bf3 b5 23. Nc6 bxc4 24. Nxb8 Rxb8 25. bxc4 Nc5 26. Bxh5 gxh5 27. Qf3 Rb1 28. Be3 Rb2 29. f5 Be5 30. Rf2 Reb8 31. Qxh5 Ne4 32. g6 Nf6 33. gxf7+ Kf8 34. Bh6# 1-0

[Event "Late-Titled-Tuesday-Blitz-March-05-2024"]
[Site "Chess.com"]
[Date "2024.03.05"]
[Round "2"]
[White "Caracal3000"]
[Black "finec2"]
[Result "0-1"]
[WhiteElo "2463"]
[BlackElo "2215"]
[TimeControl "180+1"]
[EndTime "14:14:37 PST"]
[Termination "finec2 won by resignation"]

1. e4 c5 2. Nf3 e6 3. d4 cxd4 4. Nxd4 Nc6 5. Nc3 Qc7 6. Be2 a6 7. Nxc6 bxc6 8. Qd3 d5 9. Qg3 Qxg3 10. hxg3 Nf6 11. g4 Bb4 12. Bd2 O-O 13. g5 Bxc3 14. bxc3 Nxe4 15. Bd3 f5 16. gxf6 Nxf6 17. Bf4 a5 18. Be5 h6 19. Rb1 Ba6 20. Rb6 Bxd3 21. cxd3 Nd7 22. Rxc6 Nxe5 23. Rxe6 Nxd3+ 24. Kd2 Nxf2 25.
Rhe1 Ne4+ 26. Kd3 Nc5+ 0-1

[Event "Late-Titled-Tuesday-Blitz-March-05-2024"]
[Site "Chess.com"]
[Date "2024.03.05"]
[Round "2"]
[White "Statham_01"]
[Black "JSPrepz"]
[Result "0-1"]
[WhiteElo "2577"]
[BlackElo "2843"]
[TimeControl "180+1"]
[EndTime "14:14:46 PST"]
[Termination "JSPrepz won by resignation"]

1. e4 e5 2. Nf3 Nc6 3. c3 d5 4. Bb5 dxe4 5. Nxe5 Qd5 6. Qa4 Ne7 7. f4 exf3 8. Nxf3 a6 9. Bc4 Qh5 10. Be2 Qg6 11.
O-O Bd7 12. d4 O-O-O 13. Bf4 Nd5 14. Bg3 Ne3 15. Re1 Nb4 16. Qa5 b6 17. Bxa6+ Kb8 18. Qxb6+ Qxb6 0-1

[Event "Late-Titled-Tuesday-Blitz-March-05-2024"]
[Site "Chess.com"]
[Date "2024.03.05"]
[Round "2"]
[White "db-banana"]
[Black "lluiss"]
[Result "1-0"]
[WhiteElo "2465"]
[BlackElo "2165"]
[TimeControl "180+1"]
[EndTime "14:14:55 PST"]
[Termination "db-banana won by resignation"]

1. e4 c5 2. Nf3 d6 3. d3 g6 4. g3 Bg7 5. Bg2 e5 6. O-O Ne7 7. c3 Nbc6 8. d4 cxd4 9. cxd4 Nxd4 10. Nxd4 exd4 11. Bg5 f6 12. Qxd4 O-O 13. Bf4 Nc6 14.
Qxd6 Qxd6 15. Bxd6 Rd8 16. Bf4 f5 17. Nc3 Nb4 18.
Rad1 Nd3 19. Bg5 Rd4 20. Nb5 Rd7 21. exf5 a6 22. Nc3 Nxb2 23. Rxd7 Bxd7 24. f6 h6 25.
Bd5+ Kh7 26. fxg7 1-0

[Event "Late-Titled-Tuesday-Blitz-March-05-2024"]
[Site "Chess.com"]
[Date "2024.03.05"]
[Round "2"]
[White "Ajedrez_con_German"]
[Black "Lukianoo"]
[Result "0-1"]
[WhiteElo "2584"]
[BlackElo "2875"]
[TimeControl "180+1"]
[EndTime "14:14:57 PST"]
[Termination "Lukianoo won by resignation"]

1. Nf3 Nf6 2. c4 e6 3. e3 d5 4. Nc3 Bb4 5. Qa4+ Nc6 6. cxd5 exd5 7. Ne5 Bxc3 8. bxc3 O-O 9. Nxc6 bxc6 10. Qxc6 Bd7 11. Qa6 Ne4 12. Be2 Qg5 13. O-O Rab8 14. f4 Qh4 15. Ba3 Rb6 16. Qa5 Rh6 17. h3 Bxh3 18. Qb4 c5 0-1

[Event "Late-Titled-Tuesday-Blitz-March-05-2024"]
[Site "Chess.com"]
[Date "2024.03.05"]
[Round "2"]
[White "Akhayan"]
[Black "ChessSwole"]
[Result "0-1"]
[WhiteElo "2400"]
[BlackElo "2729"]
[TimeControl "180+1"]
[EndTime "14:14:58 PST"]
[Termination "ChessSwole won by resignation"]

1. e4 c5 2. Nf3 d6 3. d4 cxd4 4. Nxd4 Nf6 5. Nc3 g6 6. f4 Nc6 7. Be3 Bg7 8. Be2 O-O 9. O-O Bd7 10. Nb3 Rc8 11. Kh1 Na5 12. Bd4 Nc4 13. Bxc4 Rxc4 14. e5 dxe5 15. Bxe5 Bc6 16. Qe2 b5 17. Rad1 Qb6 18.
Bd4 Qa6 19. Qxe7 b4 20. Ne2 Re8 21. Bxf6 Bxf6 22. Nc5 Rxe7 23. Nxa6 Rxe2 0-1

[Event "Late-Titled-Tuesday-Blitz-March-05-2024"]
[Site "Chess.com"]
[Date "2024.03.05"]
[Round "2"]
[White "GothamChess"]
[Black "Smiechu"]
[Result "1-0"]
[WhiteElo "2675"]
[BlackElo "2354"]
[TimeControl "180+1"]
[EndTime "14:15:07 PST"]
[Termination "GothamChess won by resignation"]

1. e4 c5 2. a3 g6 3. Nc3 Bg7 4. Bc4 Nc6 5. d3 d6 6. Ba2 e6 7.
h4 h5 8. Bg5 Nge7 9. Nge2 Rb8 10. O-O b5 11. Qd2 b4 12. axb4 cxb4 13. Nd1 a5 14.
Bb3 Qb6 15. Ne3 Ba6 16. Ra2 O-O 17. Nc4 Bxc4 18. Bxc4 Ne5 19. Bxe7 Rfc8 20. Bb3 Ng4 21. d4 Kh7 22. Bg5 f6 23. Be3 Re8 24. d5 Qd8 25.
dxe6 f5 26. Bg5 Bf6 27. exf5 gxf5 28. Qf4 Kg6 29. Ng3 Rb5 30. Ba4 1-0

[Event "Late-Titled-Tuesday-Blitz-March-05-2024"]
[Site "Chess.com"]
[Date "2024.03.05"]
[Round "2"]
[White "kinga2008"]
[Black "morte-negra"]
[Result "1-0"]
[WhiteElo "2441"]
[BlackElo "2047"]
[TimeControl "180+1"]
[EndTime "14:15:07 PST"]
[Termination "kinga2008 won by resignation"]

1. e4 c5 2. Nf3 d6 3. Bd3 Nc6 4. O-O Nf6 5. c3 e5 6. Bc2 Be6 7. d4 cxd4 8. cxd4 exd4 9. Nxd4 Nxd4 10. Qxd4 Be7 11. Nc3 O-O 12. Bf4 Nh5 13. Be3 Bf6 14.
Qd2 g6 15. Rfd1 Qc8 16. Nb5 Be7 17. Rac1 a6 18. Nxd6 Bxd6 19. Qxd6 Rd8 20. Qe5 Rxd1+ 21.
Bxd1 Qd7 22. Bxh5 gxh5 23. Qg5+ Kf8 24. Bc5+ 1-0

[Event "Late-Titled-Tuesday-Blitz-March-05-2024"]
[Site "Chess.com"]
[Date "2024.03.05"]
[Round "2"]
[White "emeli_chess"]
[Black "katharinareinecke"]
[Result "1-0"]
[WhiteElo "2427"]
[BlackElo "1988"]
[TimeControl "180+1"]
[EndTime "14:15:12 PST"]
[Termination "emeli_chess won by checkmate"]

1. d4 d5 2. c4 c6 3. Nc3 Nf6 4. e3 e6 5. Nf3 Be7 6. Bd3 O-O 7. O-O dxc4 8. Bxc4 b5 9. Bd3 Bb7 10. e4 g6 11. e5 Nd5 12. Ne4 a6 13. Bh6 Re8 14. Nfg5 c5 15. Qf3 Bxg5 16. Bxg5 Qc7 17. Qh3 cxd4 18.
Nf6+ Nxf6 19. Bxf6 h5 20. Qg3 Kh7 21. Qg5 Nd7 22. Qxh5+ Kg8 23. Qh8# 1-0

[Event "Late-Titled-Tuesday-Blitz-March-05-2024"]
[Site "Chess.com"]
[Date "2024.03.05"]
[Round "2"]
[White "Mikasinski"]
[Black "Firouzja2003"]
[Result "1-0"]
[WhiteElo "2666"]
[BlackElo "3215"]
[TimeControl "180+1"]
[EndTime "14:15:23 PST"]
[Termination "Mikasinski won by resignation"]

1. e4 c6 2. d4 d5 3. e5 Bf5 4. h4 h5 5. Bd3 Bxd3 6. Qxd3 e6 7. Bg5 Qa5+ 8. Nd2 Ne7 9. Nf3 Nf5 10. O-O Qa6 11. c4 Nd7 12. Qc2 Bb4 13. b3 O-O 14. Rfd1 Nb6 15. c5 Bxd2 16. Qxd2 Nd7 17. Qf4 b6 18. cxb6 axb6 19. g4 hxg4 20. Qxg4 f6 21. exf6 Nxf6 22. Bxf6 Rxf6 23. Ng5 Raf8 24.
Re1 Nh6 25. Qh3 Rxf2 26. Qxe6+ R2f7 27. Qg6 1-0

[Event "Late-Titled-Tuesday-Blitz-March-05-2024"]
[Site "Chess.com"]
[Date "2024.03.05"]
[Round "2"]
[White "ferdipy"]
[Black "ural58"]
[Result "0-1"]
[WhiteElo "2319"]
[BlackElo "2528"]
[TimeControl "180+1"]
[EndTime "14:15:23 PST"]
[Termination "ural58 won by checkmate"]

1. e4 d5 2. exd5 Qxd5 3. d4 Nc6 4. Nf3 Bg4 5. Be2 O-O-O 6. c4 Qf5 7. Be3 Bxf3 8.
Bxf3 Nxd4 9. Bxd4 Qe6+ 10. Qe2 Qxe2+ 11. Kxe2 Rxd4 12. Nd2 e6 13. b3 Bb4 14. Rad1 Bxd2 15.
Rxd2 Rxd2+ 16. Kxd2 Ne7 17. Kc2 Rd8 18. Rd1 Rxd1 19. Kxd1 b6 20. Kd2 c5 21. Ke3 Kc7 22. g3 Kd6 23. h4 f5 24. Bg2 g6 25. f4 e5 26. fxe5+ Kxe5 27. Bh1 Ng8 28. Bg2 Nf6 29.
Bf3 Ne4 30. Bxe4 fxe4 31. g4 h5 32. g5 a5 33. a3 Kf5 34. Kf2 Kf4 35. Ke2 e3 36. Ke1 Ke4 37. Ke2 Kd4 38. a4 Ke4 39. Ke1 Kd3 40. Kd1 e2+ 41. Ke1 Ke3 42. b4 axb4 43.
a5 b3 44. axb6 b2 45. b7 b1=Q# 0-1

[Event "Late-Titled-Tuesday-Blitz-March-05-2024"]
[Site "Chess.com"]
[Date "2024.03.05"]
[Round "2"]
[White "Arlo2024"]
[Black "terrortoast"]
[Result "0-1"]
[WhiteElo "2294"]
[BlackElo "2519"]
[TimeControl "180+1"]
[EndTime "14:15:28 PST"]
[Termination "terrortoast won on time"]

1. e4 c6 2. d4 d5 3. exd5 cxd5 4. Bd3 Nc6 5. c3 e6 6. Nf3 Bd6 7. O-O Nge7 8. Re1 Qc7 9. a3 Bd7 10. Qe2 O-O 11. Ne5 Ng6 12. f4 Rae8 13. Nd2 Nxf4 14. Qg4 Nxe5 0-1

[Event "Late-Titled-Tuesday-Blitz-March-05-2024"]
[Site "Chess.com"]
[Date "2024.03.05"]
[Round "2"]
[White "aceontheturn"]
[Black "bipe137"]
[Result "1-0"]
[WhiteElo "2790"]
[BlackElo "2546"]
[TimeControl "180+1"]
[EndTime "14:15:29 PST"]
[Termination "aceontheturn won by checkmate"]

1. e4 c5 2. Nc3 e6 3. f4 d5 4.
exd5 exd5 5. Bb5+ Nc6 6. Bxc6+ bxc6 7. Nf3 Ne7 8. O-O g6 9. b3 Bg7 10. Ba3 Qa5 11. Na4 Bxa1 12. Qxa1 O-O 13. Bxc5 Re8 14. Re1 Be6 15. Qf6 Nf5 16. g4 Bd7 17. Rxe8+ Rxe8 18. gxf5 Bxf5 19. Bd4 Kf8 20. Qg7+ Ke7 21. Ne5 Qxd2 22.
Qxf7+ Kd8 23. Nxc6+ Kc8 24. Nxa7+ Kd8 25. Nc6+ Kc8 26. Nb6# 1-0

[Event "Late-Titled-Tuesday-Blitz-March-05-2024"]
[Site "Chess.com"]
[Date "2024.03.05"]
[Round "2"]
[White "aa175"]
[Black "kagg1125"]
[Result "1-0"]
[WhiteElo "2713"]
[BlackElo "2514"]
[TimeControl "180+1"]
[EndTime "14:15:30 PST"]
[Termination "aa175 won by resignation"]

1. d4 Nf6 2. Bf4 g6 3. e3 Bg7 4. h3 O-O 5. Bh2 c5 6. c3 Qb6 7. Qb3 d6 8. Nd2 Be6 9. Bc4 d5 10. Be2 c4 11. Qc2 Bf5 12. Qc1 Bd3 13. Bxd3 cxd3 14. Ngf3 Nc6 15. O-O Rfc8 16. Qb1 Qa6 17.
Rd1 e5 18. Bxe5 Nxe5 19. Nxe5 Ne4 20. Qxd3 Qb6 21. Nxe4 dxe4 22. Qxe4 Qxb2 23. Rab1 Qxc3 24. Rxb7 Bxe5 25. dxe5 Rd8 26. Rbd7 Rxd7 27. Qxa8+ 1-0

[Event "Late-Titled-Tuesday-Blitz-March-05-2024"]
[Site "Chess.com"]
[Date "2024.03.05"]
[Round "2"]
[White "Slovineanu"]
[Black "AlexNovitz"]
[Result "1-0"]
[WhiteElo "2481"]
[BlackElo "2206"]
[TimeControl "180+1"]
[EndTime "14:15:32 PST"]
[Termination "Slovineanu won by resignation"]

1. d4 Nf6 2. Nf3 d5 3. c4 e6 4. e3 Bb4+ 5. Nbd2 O-O 6. a3 Bxd2+ 7. Qxd2 Ne4 8. Qc2 Nd7 9. Bd3 f5 10. O-O c6 11. b3 Ndf6 12. Bb2 b6 13. cxd5 cxd5 14.
Ne5 Bd7 15. Ba6 b5 16. a4 bxa4 17. bxa4 Rb8 18. Ba3 Re8 19. f3 Ng5 20. Bd6 Bxa4 21. Qc5 Bb3 22. Bxb8 Qxb8 23. Rfb1 1-0

[Event "Late-Titled-Tuesday-Blitz-March-05-2024"]
[Site "Chess.com"]
[Date "2024.03.05"]
[Round "2"]
[White "esteban062000"]
[Black "N18player"]
[Result "0-1"]
[WhiteElo "2157"]
[BlackElo "2530"]
[TimeControl "180+1"]
[EndTime "14:15:37 PST"]
[Termination "N18player won by resignation"]

1. e4 e6 2. e5 d5 3. exd6 Bxd6 4.
d4 Nf6 5. Nf3 b6 6. Bb5+ Nbd7 7.
Bc6 Rb8 8. O-O O-O 9. Bg5 h6 10.
Bh4 Bb7 11. Bxb7 Rxb7 12. Nc3 c6 13. Ne4 Be7 14. Nxf6+ Nxf6 15. c3 Rd7 16. Qa4 b5 17.
Qb3 Rd5 18. Rfe1 a6 19. Re5 c5 20. Rxd5 Nxd5 21. Bxe7 Qxe7 22. dxc5 Qxc5 23. Rd1 a5 24.
Nd4 b4 25. cxb4 axb4 26. Qc2 Qa7 27. Ra1 Qxd4 0-1

[Event "Late-Titled-Tuesday-Blitz-March-05-2024"]
[Site "Chess.com"]
[Date "2024.03.05"]
[Round "2"]
[White "soloderisas"]
[Black "TenisMaster"]
[Result "0-1"]
[WhiteElo "2589"]
[BlackElo "2881"]
[TimeControl "180+1"]
[EndTime "14:15:40 PST"]
[Termination "TenisMaster won by checkmate"]

1. d4 Nf6 2. Nf3 d5 3. Bf4 c5 4. e3 Nc6 5. c3 Bg4 6. Qb3 Qc8 7.
Ne5 Nxe5 8. dxe5 c4 9. Qa4+ Bd7 10. Qd1 Ne4 11. Qxd5 Nc5 12. Bxc4 Be6 13. Bb5+ Nd7 14. Qd3 a6 15. Bxd7+ Bxd7 16. Nd2 Bb5 17. c4 Bc6 18. O-O g5 19. Bg3 h5 20. f3 h4 21. Bf2 h3 22. g3 Bg7 23. f4 Qg4 24. Rfe1 Rd8 25. Qe2 Qe6 26. Nb3 Qg6 27. Nd4 Qe4 28. Nxc6 Qg2# 0-1

[Event "Late-Titled-Tuesday-Blitz-March-05-2024"]
[Site "Chess.com"]
[Date "2024.03.05"]
[Round "2"]
[White "EsmeraldasAnderson03"]
[Black "SEBAZZANO"]
[Result "1-0"]
[WhiteElo "2527"]
[BlackElo "2316"]
[TimeControl "180+1"]
[EndTime "14:15:42 PST"]
[Termination "EsmeraldasAnderson03 won by resignation"]

1. d4 Nf6 2. c4 c5 3. d5 e6 4. Nc3 exd5 5. cxd5 d6 6. e4 g6 7. Nf3 Bg7 8. Nd2 O-O 9. Be2 a6 10. a4 Re8 11. O-O Nbd7 12. h3 Qc7 13. Qc2 Rb8 14. Nc4 Ne5 15. Nxe5 Rxe5 16. Bf4 Re8 17. Rfe1 Nd7 18.
Bg3 g5 19. f4 gxf4 20. Bxf4 Ne5 21. Rf1 Bd7 22. Bh5 Rf8 23. Qf2 Ng6 24. Qg3 Nxf4 25. Rxf4 Kh8 26. Rxf7 Rxf7 27. Bxf7 Bd4+ 28. Kh1 Bxa4 29.
Nxa4 Qxf7 30. Qxd6 Qg7 31. Qxb8+ 1-0

[Event "Late-Titled-Tuesday-Blitz-March-05-2024"]
[Site "Chess.com"]
[Date "2024.03.05"]
[Round "2"]
[White "mishanick"]
[Black "IlanSchnaider"]
[Result "1-0"]
[WhiteElo "3083"]
[BlackElo "2647"]
[TimeControl "180+1"]
[EndTime "14:15:43 PST"]
[Termination "mishanick won by resignation"]

1. d4 d5 2. c4 c6 3. Nc3 Nf6 4. Nf3 e6 5. e3 Nbd7 6. Qc2 b6 7. Bd3 Bb7 8. O-O Be7 9. b3 O-O 10. Bb2 h6 11. Rad1 Qc7 12. Ne5 dxc4 13. Bxc4 c5 14.
Nxd7 Nxd7 15. d5 exd5 16. Nxd5 Bxd5 17. Rxd5 Nf6 18. Rf5 Ng4 19. g3 Bf6 20. Bxf6 Nxf6 21. Rxf6 gxf6 22. Qg6+ Kh8 23. Qxh6+ Kg8 24. Qg6+ Kh8 25.
Qxf6+ Kg8 26. Qg5+ Kh8 27. Qh6+ Kg8 28. Bd3 f5 29.
Bc4+ Rf7 30. Rd1 Rf8 31. Rd6 1-0

[Event "Late-Titled-Tuesday-Blitz-March-05-2024"]
[Site "Chess.com"]
[Date "2024.03.05"]
[Round "2"]
[White "ArtemDyachuk"]
[Black "vladoboch"]
[Result "1-0"]
[WhiteElo "2686"]
[BlackElo "2435"]
[TimeControl "180+1"]
[EndTime "14:15:48 PST"]
[Termination "ArtemDyachuk won by resignation"]

1. e4 c5 2. Nf3 Nc6 3. Bb5 e6 4. Bxc6 bxc6 5. b3 d6 6. e5 dxe5 7. Nxe5 Qg5 8. Nf3 Qxg2 9. Rg1 Qh3 10. d3 Nf6 11. Bb2 Qh6 12. Qe2 Be7 13. Nbd2 Rg8 14. O-O-O Nd5 15. Kb1 a5 16. a4 Bf6 17. Nc4 Bxb2 18.
Kxb2 Qf6+ 19. Nfe5 Ba6 20. Rg3 Qe7 21. Rf3 f6 22.
Nxc6 Qd7 23. N6xa5 Rb8 24. Re1 Bc8 25. Rh3 Qxa4 26.
Qh5+ Kf8 27. Ra1 Qb4 28. d4 Qc3+ 29. Rxc3 1-0